 Dungeon Crawl Stone Soup version 0.27-a0-951-gae3e1deef5 (webtiles) character file.

Game seed: 6181429826580324807

18 shoop the Cudgeller (level 2, 0/26 HPs)
             Began as an Ogre Gladiator on Apr 12, 2021.
             Was a Follower of Hepliaklqana.
             Slain by a ball python (1 damage)
             ... on level 1 of the Dungeon on Apr 15, 2021.
             The game lasted 00:01:24 (903 turns).

shoop the Cudgeller (Ogre Gladiator)                 Turns: 903, Time: 00:01:25

Health: 0/26       AC:  3    Str: 17    XL:     2   Next: 70%
Magic:  2/2        EV: 10    Int:  9    God:    Hepliaklqana [*.....]
Gold:   44         SH:  0    Dex: 10    Spells: 1/1 levels left

rFire    . . .     SeeInvis .   a - +0 flail
rCold    . . .     Faith    .   (no shield)
rNeg     . . .     Spirit   .   b - +0 robe
rPois    .         Reflect  .   c - +0 hat
rElec    .         Harm     .   (no cloak)
rCorr    .         Rampage  .   (gloves unavailable)
Will     .....                  (boots unavailable)
Stlth    +.........             (no amulet)
HPRegen  0.08/turn              (no ring)
MPRegen  0.08/turn              (no ring)

@: no status effects
A: reduced essence, large, unfitting armour, tough skin 1
a: Renounce Religion, Recall Ancestor, Ancestor Identity


You were on level 1 of the Dungeon.
You worshipped Hepliaklqana.
Hepliaklqana was aware of your devotion.
You visited 1 branch of the dungeon, and saw 1 of its levels.

You collected 44 gold pieces.

Inventory:

Hand Weapons
 a - a +0 flail (weapon)
Missiles
 d - 3 throwing nets (quivered)
 k - 8 boomerangs
Armour
 b - a +0 robe (worn)
 c - a +0 hat (worn)
Scrolls
 f - a scroll of identify {unknown}
 g - a scroll of fear {unknown}
 h - a scroll of immolation {unknown}
 i - a scroll of teleportation {unknown}
Potions
 e - a potion of flight {unknown}
 j - a potion of lignification {unknown}


   Skills:
 - Level 2.6 Fighting
 + Level 3.5 Maces & Flails
 - Level 2.0 Throwing
 - Level 2.6 Dodging


You had one spell level left.
You didn't know any spells.
Your spell library was empty.

Dungeon Overview and Level Annotations

Branches:
Dungeon (1/15)

Altars:
Hepliaklqana


Innate Abilities, Weirdness & Mutations

Your life essence is reduced to manifest your ancestor. (-10% HP)
You are too large for most types of armour.
You have tough skin. (AC +1)


Message History

Found a glowing leather armour.
You swap places.
A kobold comes into view. It is wielding a +0 short sword.
The kobold shouts!
You hear an angry hiss.
A ball python comes into view.
The kobold hits you with a +0 short sword.
The ball python bites you.
The kobold hits you with a +0 short sword.
The ball python barely misses you. The kobold hits you but does no damage.
The ball python bites you. The kobold hits you but does no damage.
The ball python closely misses you. The ball python closely misses you.
The kobold hits you but does no damage. The ball python bites you.
The kobold barely misses you. The ball python closely misses you.
The kobold hits you but does no damage. The ball python closely misses you.
The kobold hits you but does no damage.
The ball python bites you but does no damage.
The kobold barely misses you. The ball python misses you.
The ball python bites you. The kobold barely misses you.
The ball python bites you but does no damage.
The kobold barely misses you. The ball python closely misses you.
The kobold hits you but does no damage. The ball python barely misses you.
The kobold closely misses you. The ball python closely misses you.
The kobold hits you with a +0 short sword.
The ball python bites you.
* * * LOW HITPOINT WARNING * * *
The ball python bites you but does no damage.
The kobold hits you with a +0 short sword.
* * * LOW HITPOINT WARNING * * *
The ball python bites you.
* * * LOW HITPOINT WARNING * * *
The kobold hits you with a +0 short sword.
* * * LOW HITPOINT WARNING * * *
The ball python barely misses you.
The kobold hits you with a +0 short sword.
* * * LOW HITPOINT WARNING * * *
The ball python bites you but does no damage.
The kobold hits you but does no damage. The ball python bites you.
You die...

########### ### .........# #..
#.#.#.#.#.## #.# ...........#
#.# .#.#.#S#.##.##########.#
......K@R.#............#
.#.#.#.#.##.#########..#
##############.##.# #....†..#
#..............##.####.###...#
#.###......†....#.............
#.# #.#########........###..##
#.# #.# ###.###### #.... #.#
#.## #.# ##.## #.# #..# #.#
#.##


You could see the friendly Amurritum the ancestor, a ball python and a kobold
(ally target).

Vanquished Creatures
  An endoplasm (D:1)
  2 giant cockroaches (D:1)
  2 hobgoblins (D:1)
  2 quokkas (D:1)
  3 ball pythons (D:1)
  4 frilled lizards (D:1)
  A goblin (D:1)
  2 rats (D:1)
17 creatures vanquished.

Vanquished Creatures (collateral kills)
  A goblin (D:1)
1 creature vanquished.

Grand Total: 18 creatures vanquished

Notes
Turn   | Place    | Note
-------+----------+-------------------------------------------
     0 | D:1      | shoop the Ogre Gladiator began the quest for the Orb.
     0 | D:1      | Reached XP level 1. HP: 22/22 MP: 1/1
    71 | D:1      | Reached skill level 3 in Maces & Flails
   119 | D:1      | Reached XP level 2. HP: 29/29 MP: 2/2
   163 | D:1      | Found a faded altar of an unknown god.
   171 | D:1      | Became a worshipper of Hepliaklqana the Forgotten
   171 | D:1      | Reached * piety under Hepliaklqana
   901 | D:1      | HP: 1/26 [kobold/+0 short sword (1)]
   903 | D:1      | Slain by a ball python

Illustrated notes

Levels and vault maps discovered:
D:1:      kennysheep_arrival_seaside, layout_loops_ring, basic_ecumenical_altar,
          st_stairs_13

Skill      XL: |  1 |
---------------+----+-----
Maces & Flails | 3 |  3.5
Fighting       | |  2.6
Throwing       | |  2.0
Dodging        | |  2.6

Action                   || total
-------------------------++-------
Melee: Flail             ||    42
Armor: Robe              ||    19
Dodge: Dodged            ||    34

Table legend: (Time is in decaauts)
 A = Elapsed time spent in this place.
 B = Non-inter-level travel time spent in this place.
 C = Inter-level travel time spent in this place.
 D = Time resting spent in this place.
 E = Time spent auto-exploring this place.
 F = Levels seen in this place.
 G = Mean time per level.
                   A        B        C        D        E       F      G
               +--------+--------+--------+--------+--------+-----+--------+
         Total |    913 |    913 |      0 |      0 |    765 |   1 |  913.0 |
       Dungeon |    913 |    913 |      0 |      0 |    765 |   1 |  913.0 |
               +--------+--------+--------+--------+--------+-----+--------+

Top non-repeatable levels by time:
     D:1: 913 daAuts
